 Dungeon Crawl Stone Soup version 0.30-a0-341-g682706514a (webtiles) character file.

Game seed: 16467305312594515203

17704 MrRokkomies the Magus (level 12, -7/117 HPs)
             Began as an Armataur Gladiator on Nov 4, 2022.
             Was an Elder of Nemelex Xobeh.
             Mangled by a shadow (25 damage)
             ... on level 11 of the Dungeon.
             The game lasted 00:22:25 (13663 turns).

MrRokkomies the Magus (Armataur Gladiator)         Turns: 13663, Time: 00:22:25

Health: -7/117     AC: 17    Str: 25    XL:     12   Next: 21%
Magic:  20/20      EV:  7    Int:  9    God:    Nemelex Xobeh [****..]
Gold:   537        SH:  0    Dex: 11    Spells: 11/11 levels left

rFire   + . .      SeeInvis .    a - +2 whip (elec)
rCold   + . .      Faith    .    (no shield)
rNeg    . . .      Spirit   .    x - +0 plate armour
rPois   .          Reflect  .    c - +1 helmet
rElec   .          Harm     .    r - +1 cloak
rCorr   .          Roll     +    (no gloves)
Will    .....                    (no barding)
Stlth   ..........               E - amulet of the acrobat
HPRegen 0.39/turn                f - ring of protection from cold
MPRegen 0.17/turn                m - ring of protection from fire

@: no status effects
A: large, rugged brown scales 3, deformed body, armoured tail, roll, long
tongue, awkward tongue
a: Renounce Religion, Draw Escape, Draw Destruction, Draw Summoning, Triple
Draw, Deal Four


You were on level 11 of the Dungeon.
You worshipped Nemelex Xobeh.
Nemelex Xobeh was greatly pleased with you.
You visited 2 branches of the dungeon, and saw 12 of its levels.
You also visited: Sewer and Bailey.

You collected 649 gold pieces.
You spent 112 gold pieces at shops.

Inventory:

Hand Weapons
 a - a +2 whip of electrocution (weapon)
 b - the +2 dagger of Valour {elec, rPois}
   (You found it on level 9 of the Dungeon)

   It occasionally discharges a powerful burst of electricity upon striking a
   foe.
   rPois:     It protects you from poison.
 i - the +2 hand axe "Citru Suze" {vorpal, rC- rN+ Str+4}
   (You found it on level 2 of the Dungeon)

   It inflicts extra damage upon your enemies.
   Str:       It affects your strength (+4).
   rC:        It makes you vulnerable to cold.
   rN:        It protects you from negative energy.
 n - a +4 trident
 O - a +0 bardiche
 P - a +1 vorpal quarterstaff
Missiles
 e - 5 javelins
 p - 5 poisoned darts (quivered)
 H - 7 boomerangs
 Q - a curare-tipped dart
 R - a throwing net
Armour
 c - a +1 helmet (worn)
 r - a +1 cloak (worn)
 s - a +0 chain mail
 x - a +0 plate armour (worn)
Jewellery
 f - a ring of protection from cold (left hand)
 m - a ring of protection from fire (right hand)
 o - an amulet of guardian spirit
 t - a ring of wizardry
 E - an amulet of the acrobat (around neck)
 K - a ring of positive energy
Wands
 j - a wand of polymorph (12)
 y - a wand of flame (41)
 F - a wand of iceblast (8)
Scrolls
 d - a scroll of identify
 g - a scroll of poison
 k - 2 scrolls of blinking
 l - 7 scrolls of teleportation
 v - 4 scrolls of fear
 w - 6 scrolls of enchant armour
 G - a scroll of amnesia
 L - 2 scrolls of enchant weapon
 N - 4 scrolls of summoning
Potions
 h - 4 potions of curing
 q - 3 potions of resistance
 u - 4 potions of mutation
 z - 2 potions of might
 A - 2 potions of haste
 B - a potion of magic {unknown}
 C - a potion of brilliance {unknown}
 D - 3 potions of ambrosia {unknown}
 I - a potion of cancellation {unknown}
 M - a potion of invisibility {unknown}
 S - a potion of attraction {unknown}
Miscellaneous
 J - a phantom mirror (inert)


   Skills:
 * Level 11.0 Fighting
 * Level 4.9(5.3) Maces & Flails
 - Level 2.6(4.2) Staves
 - Level 1.7 Throwing
 + Level 9.8 Armour
 - Level 6.0 Dodging
 + Level 11.1 Invocations


You had 11 spell levels left.
You didn't know any spells.
Your spell library contained the following spells:

 Spells                   Type           Power      Damage    Failure   Level
 Magic Dart               Conj           0%         1d3       99%         1
 Shock                    Conj/Air       0%         1d3       99%         1
 Blink                    Tloc           0%         N/A       99%         2
 Call Imp                 Summ           0%         N/A       99%         2
 Momentum Strike          Conj/Tloc      0%         3d8       99%         2
 Inner Flame              Hex/Fire       0%         N/A       100%        3
 Lesser Beckoning         Tloc           0%         N/A       100%        3
 Mephitic Cloud           Conj/Pois/Air  0%         N/A       100%        3
 Swiftness                Air            0%         N/A       100%        3
 Airstrike                Air            0%         2d(0-16)  100%        4
 Cause Fear               Hex            0%         N/A       100%        4
 Manifold Assault         Tloc           0%         N/A       100%        4
 Storm Form               Tmut/Air       0%         N/A       100%        7
 Discord                  Hex            0%         N/A       100%        8


Dungeon Overview and Level Annotations

Branches:
Dungeon (11/15)            Temple (1/1) D:4            Lair (0/5) D:11
  Sewer (visited)          Bailey (visited)
    Orc: D:9-12

Altars:
Ashenzari
Cheibriados
Dithmenos
Elyvilon
Fedhas
Gozag
Kikubaaqudgha
Makhleb
Nemelex Xobeh
Okawaru
Qazlal
Ru
Sif Muna
Trog
Uskayaw
Vehumet
Wu Jian
Xom
Yredelemnul
Zin
The Shining One

Shops:
D:4 **   D:10 [

Annotations:
D:5 2 runed translucent doors
D:11 3 runed translucent doors


Innate Abilities, Weirdness & Mutations

You are completely covered in rugged brown scales. (AC +3, +7% HP)
Armour fits poorly on your strangely shaped body.
You have a long armoured tail.
You roll when moving toward enemies. (Rampage)
Your long tongue fully drains potion bottles. (2x potion effects)
Your tongue gives you trouble enunciating. (1.5x scroll delay)


Message History

The shadow slips into darkness.
The shadow flickers and vanishes!
Deactivating autopickup; reactivate with Ctrl-A.
You hit the two-headed ogre but do no damage.
Lightning courses through the two-headed ogre!!
You tail-slap the two-headed ogre.
The two-headed ogre is almost dead.
You hit the two-headed ogre.
The two-headed ogre is almost dead.
An ogre zombie comes into view.
The two-headed ogre barely misses you.
The two-headed ogre hits you with a +0 giant spiked club!!
* * * LOW HITPOINT WARNING * * *
Unknown command.
The two-headed ogre attacks as you move away!
The two-headed ogre hits you with a +0 giant club.
* * * LOW HITPOINT WARNING * * *
The two-headed ogre closely misses you.
Things that are here:
a +0 giant club; a +0 giant spiked club
Aiming: Iceblast
Press: ? - help, Shift-Dir - straight line, f/p - two-headed ogre
Aim: a two-headed ogre, wielding a +0 giant club and a +0 giant spiked club (almost dead, poisoned)
The mass of ice explodes!
The iceblast engulfs the two-headed ogre!!
You kill the two-headed ogre!
The iceblast engulfs something.
Your Fighting skill increases to level 11!
The shadow strikes at you from the darkness!
* * * LOW HITPOINT WARNING * * *
Reactivating autopickup.
You closely miss the shadow.
The shadow is lightly damaged.
The shadow slips into darkness.
The shadow flickers and vanishes!
Deactivating autopickup; reactivate with Ctrl-A.
You closely miss something.
Your tail-slap misses something.
The shadow strikes at you from the darkness!
You die...
Your body glows slightly and disappears.

##.###.......## ##.###.# #.#
...##.......Z.####...##.#######..
....'..>......................)..
.####....................######..
## ##........###........# #.. #
##.....#)# #.###....# #.#
##...##.# #.# #.#### #.#
##'###.###.###.# #.. #.#
#..{@.....# ### ### #.#
#####.##### ..# ##.## #.# #.#
##...## #.# #.# #.....#####.# #.#
####..........#
#.###.....######### ......#####
#.#####


There were no monsters in sight!

Vanquished Creatures
  7 two-headed ogres
  A death yak (D:11)
  2 deep elf pyromancers (D:10)
  A slime creature (D:10)
  A gargoyle (D:11)
  Maggie (D:9)
  A troll (D:9)
  Prince Ribbit (D:9)
  Sigmund (D:5)
  3 shadows (D:11)
  A wyvern (D:9)
  3 steam dragons
  An acid dragon (D:9)
  3 water moccasins
  9 orc warriors
  Pargi (D:3)
  3 ice beasts (D:7)
  2 sky beasts (D:7)
  A swamp drake (D:10)
  2 phantoms
  3 kobold brigands
  8 bullfrogs
  2 necrophages (D:6)
  2 gnoll sergeants
  4 scorpions
  13 wights
  3 killer bees (D:11)
  A crimson imp (D:10)
  6 howler monkeys
  A lava snake (D:10)
  A jelly (D:5)
  5 hounds
  A gnoll bouda (D:5)
  3 orc priests
  An iron imp (D:10)
  6 iguanas
  8 orc wizards
  Natasha (D:2)
  3 ogre zombies (D:11)
  Robin (D:2)
  8 gnolls
  11 adders
  5 river rats (D:5)
  3 shadow imps
  A white imp (D:10)
  9 worms
  A dart slug (D:1)
  44 orcs
  5 ball pythons
  5 endoplasms
  A giant cockroach (D:4)
  15 goblins
  8 hobgoblins
  5 jackals
  19 kobolds
  2 quokkas
  3 bats
  3 frilled lizards
  A goblin zombie (D:11)
  An orc skeleton (D:11)
  7 orc zombies (D:11)
  7 rats
282 creatures vanquished.

Vanquished Creatures (collateral kills)
  2 death yaks (D:11)
  2 orc knights (Bailey)
  A komodo dragon (Bailey)
  A troll (D:11)
  A slime creature (D:10)
  7 yaks
  5 orc warriors
  An orc wizard (D:11)
  11 orcs
  3 goblins (D:10)
34 creatures vanquished.

Vanquished Creatures (others)
  A wight (D:6)
  A killer bee (D:11)
  An orc wizard (D:10)
  An orc (D:7)
  4 bushes (D:9)
8 creatures vanquished.

Grand Total: 324 creatures vanquished

Notes
Turn   | Place    | Note
-------+----------+-------------------------------------------
     0 | D:1      | MrRokkomies the Armataur Gladiator began the quest for the
                  | Orb.
     0 | D:1      | Reached XP level 1. HP: 18/18 MP: 1/1
   107 | D:1      | Found a faded altar of an unknown god.
   114 | D:1      | Prayed at the altar of an unknown god.
   114 | D:1      | Became a worshipper of Nemelex Xobeh the Trickster
   114 | D:1      | Reached * piety under Nemelex Xobeh
   226 | D:1      | Reached XP level 2. HP: 25/25 MP: 2/2
   404 | D:1      | Received a gift from Nemelex Xobeh
   927 | D:1      | Reached skill level 1 in Armour
   972 | D:1      | Reached ** piety under Nemelex Xobeh
  1260 | D:2      | Identified the +2 hand axe "Citru Suze" {vorpal, rC- rN+
                  | Str+4}
  1298 | D:2      | Noticed Robin
  1310 | D:2      | HP: 1/26 [goblin/+0 club[Robin] (6)]
  1419 | D:2      | Reached skill level 1 in Invocations
  1420 | D:2      | Reached XP level 3. HP: 28/32 MP: 3/3
  1423 | D:2      | Killed Robin
  1792 | D:2      | Received a gift from Nemelex Xobeh
  1794 | D:2      | Noticed Natasha
  1804 | D:2      | Killed Natasha
  1805 | D:2      | Reached XP level 4. HP: 23/39 MP: 5/5
  2312 | D:3      | Noticed Pargi
  2322 | D:3      | Killed Pargi
  2323 | D:3      | Reached XP level 5. HP: 47/48 MP: 6/6
  2632 | D:3      | Received a gift from Nemelex Xobeh
  2887 | D:4      | Found a staircase to the Ecumenical Temple.
  2887 | D:4      | Noticed a phantom
  2908 | D:4      | Killed a phantom
  2909 | D:4      | Reached XP level 6. HP: 36/55 MP: 4/8
  3060 | D:4      | Reached *** piety under Nemelex Xobeh
  3065 | D:4      | Found Howesase's General Store.
  3067 | D:4      | Found Atoke's Specific Store.
  3079 | D:4      | Bought a potion of heal wounds for 70 gold pieces
  3079 | D:4      | Bought a potion of curing for 42 gold pieces
  3872 | Temple   | Entered the Ecumenical Temple
  3999 | D:5      | Entered Level 5 of the Dungeon
  4025 | D:5      | Identified the +6 dagger "Ogre's Regret" {freeze, Str+4}
  4105 | D:5      | Noticed Sigmund
  4112 | D:5      | Killed Sigmund
  4113 | D:5      | Reached XP level 7. HP: 55/64 MP: 6/10
  4309 | D:5      | Found a glowing drain.
  4316 | Sewer    | Entered a sewer
  4444 | Sewer    | Received a gift from Nemelex Xobeh
  4462 | Sewer    | Reached skill level 5 in Fighting
  4779 | D:5      | Reached skill level 5 in Invocations
  4851 | D:5      | Reached XP level 8. HP: 63/72 MP: 8/11
  5093 | D:5      | Found a large runed translucent door.
  5093 | D:5      | Found a large runed translucent door.
  5392 | D:6      | Noticed a two-headed ogre
  5418 | D:6      | Killed a two-headed ogre
  5419 | D:6      | Reached skill level 5 in Armour
  5419 | D:6      | Reached XP level 9. HP: 40/83 MP: 5/14
  6144 | D:6      | Found a bloodstained altar of Trog.
  6147 | D:6      | Found a broken altar of Ashenzari.
  6147 | D:6      | Found a white marble altar of Elyvilon.
  6150 | D:6      | Found a sacrificial altar of Ru.
  6362 | D:7      | Reached **** piety under Nemelex Xobeh
  6882 | D:7      | Received a gift from Nemelex Xobeh
  7339 | D:7      | Reached skill level 5 in Dodging
  7339 | D:7      | Reached XP level 10. HP: 94/94 MP: 16/16
  8597 | D:8      | Received a gift from Nemelex Xobeh
  8868 | D:9      | Noticed Prince Ribbit
  8872 | D:9      | Killed Prince Ribbit
  9644 | D:9      | Identified the +2 dagger of Valour {elec, rPois}
  9800 | D:9      | Noticed Maggie
  9809 | D:9      | Killed Maggie
  9882 | D:9      | Received a gift from Nemelex Xobeh
 10334 | D:10     | Entered Level 10 of the Dungeon
 10379 | D:10     | Reached ***** piety under Nemelex Xobeh
 10389 | D:10     | Noticed a two-headed ogre
 10402 | D:10     | Killed a two-headed ogre
 10490 | D:10     | Found Sawkysch's Armour Shoppe.
 10500 | D:10     | Found a flagged portal.
 10534 | D:10     | Reached XP level 11. HP: 25/103 MP: 18/18
 10560 | D:10     | Reached skill level 10 in Invocations
 10577 | Bailey   | Entered a bailey
 11017 | Bailey   | Noticed an orc knight
 11032 | Bailey   | Killed an orc knight
 11252 | Bailey   | Noticed an orc knight
 11252 | Bailey   | Noticed an orc knight
 11255 | Bailey   | an orc knight changed into a komodo dragon
 11257 | Bailey   | Killed an orc knight
 11621 | D:10     | Noticed a two-headed ogre
 11630 | D:10     | Killed a two-headed ogre
 11631 | D:10     | Reached skill level 1 in Maces & Flails
 11965 | D:10     | Received a gift from Nemelex Xobeh
 11976 | D:10     | Found an ornate altar of the Wu Jian Council.
 12112 | D:10     | Noticed a deep elf pyromancer
 12115 | D:10     | Noticed a deep elf pyromancer
 12121 | D:10     | Killed a deep elf pyromancer
 12123 | D:10     | Killed a deep elf pyromancer
 12124 | D:10     | Reached skill level 10 in Fighting
 12834 | D:11     | Found a runed translucent door.
 12848 | D:11     | Found a runed translucent door.
 12861 | D:11     | Found a runed translucent door.
 12861 | D:11     | Noticed a two-headed ogre
 12874 | D:11     | Killed a two-headed ogre
 13014 | D:11     | Noticed a death yak
 13015 | D:11     | Noticed a death yak
 13026 | D:11     | Killed a death yak
 13031 | D:11     | Noticed a death yak
 13032 | D:11     | Killed a death yak
 13033 | D:11     | Found a staircase to the Lair.
 13036 | D:11     | Killed a death yak
 13037 | D:11     | Reached XP level 12. HP: 91/115 MP: 20/20
 13119 | D:11     | Noticed a two-headed ogre
 13132 | D:11     | Killed a two-headed ogre
 13487 | D:11     | Received a gift from Nemelex Xobeh
 13490 | D:11     | Noticed a two-headed ogre
 13504 | D:11     | Killed a two-headed ogre
 13596 | D:11     | Noticed a two-headed ogre
 13658 | D:11     | Killed a two-headed ogre
 13663 | D:11     | Mangled by a shadow

Illustrated notes

Levels and vault maps discovered:
D:1:      lightli_arrival_statuegarden, layout_basic,
          hellmonk_ecumenical_altar_crossroads, kennysheep_flooded_box,
          nrook_campfire, nicolae_eternal_life
D:2:      layout_loops_ring, uniq_robin, uniq_natasha
D:3:      layout_loops_ring, serial_park_tiny_2, uniq_pargi
D:4:      layout_loops_ring, minmay_temple_entry_hall,
          dreamdust_princess_corridor, nicolae_specific_store, st_stairs_12,
          hangedman_abyss_or_decor_passed, dreamdust_wishing_well
D:5:      layout_rooms, jmf_multi_god_temple2, lightli_sewer_entry_pipes,
          uniq_sigmund
D:6:      layout_basic, grunt_temple_overflow_open
D:7:      minmay_angry_zag, layout_cave_pools, kennysheep_small_circle
D:8:      layout_cave_pods, hangedman_abyss_or_decor_stagger
D:9:      minmay_klotski, layout_basic, minmay_fractal_squares_gapless_5,
          uniq_maggie, uniq_prince_ribbit1
D:10:     layout_rooms, nicolae_wu_jian_wuxing_cycle, enter_bailey_5,
          kennysheep_crisscross, nicolae_take_the_stairs, hangedman_minor_magic
D:11:     layout_loops_corners, dpeg_lair_monsters, zombieorc1_lemuel,
          minmay_statue_crystal_thing, uniq_fannar
Temple:   regret_index_temple_waves

Skill      XL: |  1  2  3  4  5  6  7  8  9 10 11 12 |
---------------+-------------------------------------+-----
Fighting       | 2 3 4 5 6 7 9 10 11 | 11.0
Armour         | 1 2 3 4 5 6 8 9 |  9.8
Invocations    | 1 2 3 4 5 6 8 9 10 11 | 11.1
Dodging        | 3 4 5 6 |  6.0
Maces & Flails | 4 |  4.9
Staves         | |  2.6
Throwing       | |  1.7

Action                   |  1- 3 |  4- 6 |  7- 9 | 10-12 || total
-------------------------+-------+-------+-------+-------++-------
Melee: Quarterstaff      |    34 |   138 |   358 |   164 ||   694
       Tailslap          |    10 |    21 |    55 |    74 ||   160
       Hand axe          |    50 |     7 |       |       ||    57
       Dagger            |       |       |       |   155 ||   155
       Whip              |       |       |       |   189 ||   189
       Punch             |       |       |       |     4 ||     4
Throw: Throwing net      |       |     2 |     1 |     3 ||     6
       Dart              |       |       |     9 |    33 ||    42
       Javelin           |       |       |       |     1 ||     1
Invok: Draw Destruction  |       |       |     3 |    17 ||    20
       Draw Summoning    |       |       |       |     7 ||     7
       Deal Four         |       |       |       |     2 ||     2
       Triple Draw       |       |       |       |     1 ||     1
Evoke: Wand              |       |       |     1 |     1 ||     2
       Phantom mirror    |       |       |       |     1 ||     1
  Use: Scroll            |     5 |     5 |     6 |     2 ||    18
       Potion            |       |     1 |     4 |     9 ||    14
 Stab: Sleeping          |     1 |       |       |       ||     1
       Held in net/web   |       |       |       |     2 ||     2
Armor: Leather armour    |    23 |     8 |       |       ||    31
       Chain mail        |       |    86 |   205 |       ||   291
       Plate armour      |       |       |    25 |   284 ||   309
Dodge: Dodged            |    36 |    59 |   141 |   269 ||   505

Table legend: (Time is in decaauts)
 A = Elapsed time spent in this place.
 B = Non-inter-level travel time spent in this place.
 C = Inter-level travel time spent in this place.
 D = Time resting spent in this place.
 E = Time spent auto-exploring this place.
 F = Levels seen in this place.
 G = Mean time per level.
                   A        B        C        D        E       F      G
               +--------+--------+--------+--------+--------+-----+--------+
         Total |  13834 |  13449 |    385 |   2935 |   7959 |  14 |  988.1 |
       Dungeon |  12581 |  12213 |    368 |   2266 |   7643 |  11 | 1143.7 |
        Temple |    115 |     99 |     16 |      0 |     89 |   1 |  115.0 |
         Sewer |    335 |    335 |      0 |     56 |    223 |   1 |  335.0 |
        Bailey |    803 |    803 |      0 |    613 |      4 |   1 |  803.0 |
               +--------+--------+--------+--------+--------+-----+--------+

Top non-repeatable levels by time:
     D:9: 1490 daAuts
     D:8: 1420 daAuts
    D:11: 1397 daAuts
     D:1: 1268 daAuts
     D:7: 1127 daAuts
    D:10: 1110 daAuts
     D:6: 1068 daAuts
     D:4: 1035 daAuts
     D:2: 1028 daAuts
     D:5: 1025 daAuts
  Bailey: 803 daAuts
     D:3: 606 daAuts
   Sewer: 335 daAuts
  Temple: 115 daAuts
